 Dungeon Crawl Stone Soup version 0.31.0-9-g3a7656b989 (webtiles) character file.

Game seed: 16449112112101026979

4993 qw the Skirmisher (level 10, 0/60 HPs)
             Began as a Deep Elf Hunter on Feb 2, 2024.
             Was a Believer of Okawaru.
             Slain by a hornet (5 damage)
             ... on level 8 of the Dungeon.
             The game lasted 00:00:35 (7223 turns).

qw the Skirmisher (Deep Elf Hunter)                 Turns: 7223, Time: 00:00:36

Health: 0/60       AC: 21    Str: 12    XL:     10   Next: 29%
Magic:  13/15      EV: 15    Int: 15    God:    Okawaru [**....]
Gold:   315        SH:  0    Dex: 18    Spells: 9/9 levels left

rFire   . . .        a - +1 shortbow (flame)
rCold   . . .        (shield currently unavailable)
rNeg    + + .        t - +6 scale mail "Keiwy" {rN++}
rPois   .            (no helmet)
rElec   .            e - +0 cloak
rCorr   .            k - +1 pair of gloves
SInv    .            i - +2 pair of boots
Will    +....        f - amulet of faith
Stlth   ++           (no ring)
HPRegen 0.30/turn    (no ring)
MPRegen 0.14/turn

%: faith
@: about to teleport, heroic, slowed, very slow
A: no striking features
a: Renounce Religion, Heroism


You were on level 8 of the Dungeon.
You worshipped Okawaru.
Okawaru was pleased with you.
You visited 2 branches of the dungeon, and saw 9 of its levels.

You collected 315 gold pieces.


   Skills:
 - Level 6.0(11.0) Fighting
 - Level 14.1(19.1) Ranged Weapons
 - Level 4.7(9.7) Armour
 + Level 7.0(12.0) Dodging
 - Level 1.2(6.2) Stealth
 - Level 4.0 Invocations


You had 9 spell levels left.
You didn't know any spells.
Your spell library was empty.

Inventory:

Hand Weapons
 a - a +1 shortbow of flaming (weapon)
Armour
 c - a +2 pair of boots
 e - a +0 cloak (worn)
 i - a +2 pair of boots (worn)
 k - a +1 pair of gloves (worn)
 t - the +6 scale mail "Keiwy" (worn) {rN++}
   (You found it on level 7 of the Dungeon)

   rN++:      It greatly protects you from negative energy.
Jewellery
 b - a ring of fire
 f - an amulet of faith (around neck)
Wands
 j - a wand of digging (9)
 q - a wand of charming (8)
 u - a wand of polymorph (8)
 v - a wand of mindburst (19)
Potions
 d - 3 potions of curing
 h - a potion of might {unknown}
 l - a potion of mutation {unknown}
 r - a potion of resistance {unknown}

Dungeon Overview and Level Annotations

Branches:
Dungeon (8/15)             Temple (1/1) D:6
   Lair: D:8-11

Altars:
Ashenzari
Cheibriados
Dithmenos
Elyvilon
Fedhas
Gozag
Hepliaklqana
Kikubaaqudgha
Makhleb
Nemelex Xobeh
Okawaru
Qazlal
Sif Muna
Trog
Uskayaw
Vehumet
Wu Jian
Xom
Yredelemnul
Zin
The Shining One


Message History

You feel sick. The hornet barely misses you.
The hornet stings you but does no damage.
You shoot an arrow. The arrow barely misses the hornet.
You feel sick.
The hornet stings you but does no damage.
The hornet closely misses you.
You shoot an arrow. The arrow hits the hornet.
The arrow burns the hornet.
The hornet is almost dead.
You feel sick.
The hornet stings you but does no damage.
You shoot an arrow. The arrow barely misses the hornet.
You feel sick. The hornet closely misses you.
The hornet stings you but does no damage.
You shoot an arrow. The arrow closely misses the hornet.
You feel sick.
The hornet stings you but does no damage.
You shoot an arrow.
The arrow hits the hornet but does no damage.
The hornet is almost dead.
You feel sick.
You are no longer poisoned.
The hornet stings you but does no damage.
You shoot an arrow. The arrow closely misses the hornet.
The hornet stings you!
You feel yourself slow down. The hornet stings you.
You feel as though you will be slow longer.
7221 ||| INVOKING Heroism.
You gain the combat prowess of a mighty hero.
The hornet stings you but does no damage.
The hornet stings you!
You feel as though you will be slow longer.
7222 ||| READING scroll of teleportation.
As you read the scroll of teleportation, it crumbles to dust.
You feel strangely unstable.
The hornet stings you but does no damage. x2
You shoot an arrow. The arrow barely misses the hornet.
The hornet stings you!
You feel as though you will be slow longer.
The hornet stings you but does no damage.
The hornet stings you.
You die...

#.# #. #.# #.# #.
#.# #)# #. #.# #.#
#. #.# #.# #. #.#
#.# ## #.# #.# #y#
#.###### #@#
#......# #.#
######.# #.# #.#
#.# #.#####
#.##########.....<
#)................
##################


You could see a hornet.

Vanquished Creatures
  Amaemon (D:8)
  Pikel (D:5)
  An orange demon (D:8)
  Maggie (D:6)
  A komodo dragon (D:5)
  An acid dragon (D:8)
  Edmund (D:6)
  2 water moccasins
  Duvessa (D:6)
  An orc warrior (D:7)
  2 sky beasts (D:7)
  A black bear (D:6)
  2 ice beasts (D:6)
  An ogre (D:4)
  A centaur (D:6)
  A phantom (D:4)
  A kobold brigand (D:8)
  4 bullfrogs
  3 scorpions
  9 wights (D:8)
  Dowan (D:6)
  2 howler monkeys
  4 crimson imps (D:4)
  2 hounds
  3 bombardier beetles
  3 jellies
  2 orc priests (D:7)
  A gnoll bouda (D:6)
  An iguana (D:7)
  2 orc wizards
  5 gnolls (D:6)
  7 adders
  A shadow imp (D:5)
  4 ufetubi
  A dart slug (D:4)
  18 orcs
  6 ball pythons
  8 endoplasms
  4 giant cockroaches
  10 goblins
  5 hobgoblins
  4 quokkas
  7 bats
  5 frilled lizards
  11 kobolds
  4 rats
157 creatures vanquished.

Notes
Turn   | Place    | Note
-------+----------+-------------------------------------------
     0 | D:1      | qw the Deep Elf Hunter began the quest for the Orb.
     0 | D:1      | Reached XP level 1. HP: 12/12 MP: 3/3
     0 | D:1      | 0 ||| qw: Version: 0.3-a-155-g5e7d8dd
     0 | D:1      | 0 ||| qw: Game counter: 2687
     0 | D:1      | 0 ||| qw: Melee chars always use a shield: true
     0 | D:1      | 0 ||| qw: God list: Okawaru
     0 | D:1      | 0 ||| qw: Allow faded altars: false
     0 | D:1      | 0 ||| qw: Do Orc after clearing Dungeon:15 true
     0 | D:1      | 0 ||| qw: Do second Lair branch before Depths: true
     0 | D:1      | 0 ||| qw: Lair rune preference: random
     0 | D:1      | 0 ||| qw: Goals: Normal
     0 | D:1      | 0 ||| PLANNING D:1-11
   227 | D:1      | Reached skill level 6 in Ranged Weapons
   227 | D:1      | Reached XP level 2. HP: 16/16 MP: 4/4
   526 | D:1      | Found a faded altar of an unknown god.
   759 | D:1      | 759 ||| UPGRADING to +0 cloak.
   764 | D:1      | 764 ||| READING 3 scrolls labelled TISAUT IKHI.
   765 | D:1      | 765 ||| READING scroll labelled POQOWN HIREY.
   765 | D:1      | 765 ||| IDENTIFYING clear potion
   766 | D:1      | 766 ||| READING scroll labelled KUSOUSCH QA YCS.
   771 | D:1      | 771 ||| READING scroll labelled VUUNTOKLEA.
   772 | D:1      | 772 ||| DROPPING scroll of butterflies.
   773 | D:1      | 773 ||| DROPPING 2 scrolls of poison.
   902 | D:2      | Reached XP level 3. HP: 18/20 MP: 5/5
   922 | D:2      | 922 ||| FLEEEEING.
  1028 | D:2      | Reached skill level 7 in Ranged Weapons
  1717 | D:2      | 1717 ||| UPGRADING to +2 pair of boots.
  1722 | D:2      | 1722 ||| UPGRADING to amulet of faith.
  1727 | D:2      | 1727 ||| READING scroll labelled QUUDAZU FYNA.
  1970 | D:3      | Reached XP level 4. HP: 25/25 MP: 6/6
  2318 | D:3      | Reached skill level 8 in Ranged Weapons
  2584 | D:3      | 2584 ||| UPGRADING to +0 pair of gloves.
  2589 | D:3      | 2589 ||| READING scroll labelled GUVOPU VIBATZ.
  2589 | D:3      | 2589 ||| BRANDING +0 shortbow.
  2630 | D:4      | Noticed an ogre
  2630 | D:4      | Noticed a phantom
  2633 | D:4      | Killed an ogre
  2634 | D:4      | Reached skill level 9 in Ranged Weapons
  2634 | D:4      | Reached XP level 5. HP: 29/29 MP: 7/7
  2639 | D:4      | Found a shimmering altar of Xom.
  2640 | D:4      | 2640 ||| STAIRDANCE
  2642 | D:4      | Killed a phantom
  2643 | D:4      | Reached skill level 3 in Dodging
  2643 | D:4      | Reached XP level 6. HP: 33/34 MP: 8/8
  2649 | D:4      | 2649 ||| RETREEEEATING.
  2653 | D:4      | 2653 ||| RETREEEEATING.
  2758 | D:4      | Reached skill level 10 in Ranged Weapons
  2988 | D:4      | Reached XP level 7. HP: 40/40 MP: 9/9
  3333 | D:4      | 3333 ||| READING scroll labelled ZILADA MYCE.
  3334 | D:4      | 3334 ||| READING scroll labelled ZETEOPTYME.
  3335 | D:4      | 3335 ||| READING scroll labelled ECANIWN GONG.
  3436 | D:4      | 3436 ||| READING scroll labelled IRRYUPH GUOR.
  3466 | D:5      | Entered Level 5 of the Dungeon
  3501 | D:5      | Noticed Pikel
  3520 | D:5      | Killed Pikel
  3521 | D:5      | Reached skill level 12 in Ranged Weapons
  3521 | D:5      | Reached XP level 8. HP: 18/44 MP: 10/10
  3599 | D:5      | 3599 ||| FLEEEEING.
  3600 | D:5      | 3600 ||| FLEEEEING.
  3601 | D:5      | 3601 ||| STAIRDANCE
  3836 | D:5      | Noticed a komodo dragon
  3846 | D:5      | Killed a komodo dragon
  4236 | D:5      | 4236 ||| UPGRADING to +0 scale mail.
  4246 | D:5      | 4246 ||| DROPPING +0 leather armour.
  4247 | D:5      | 4247 ||| READING scroll of identify.
  4247 | D:5      | 4247 ||| IDENTIFYING metallic inky potion
  4265 | D:6      | 4265 ||| STAIRDANCE
  4273 | D:6      | 4273 ||| STAIRDANCE
  4278 | D:6      | 4278 ||| STAIRDANCE
  4346 | D:6      | Reached skill level 3 in Fighting
  4518 | D:6      | Reached skill level 13 in Ranged Weapons
  4533 | D:6      | Noticed Maggie
  4546 | D:6      | Killed Maggie
  4733 | D:6      | Reached skill level 14 in Ranged Weapons
  4733 | D:6      | Reached XP level 9. HP: 50/50 MP: 11/11
  4740 | D:6      | Found a staircase to the Ecumenical Temple.
  4741 | D:6      | 4741 ||| PLANNING TEMPLE
  4741 | D:6      | 4741 ||| UPGRADING to +0 steam dragon scales.
  4751 | D:6      | 4751 ||| DROPPING +0 scale mail.
  4752 | D:6      | 4752 ||| READING scroll of identify.
  4752 | D:6      | 4752 ||| IDENTIFYING sapphire potion
  4753 | D:6      | 4753 ||| READING scroll labelled GOYMOKKYRA.
  4753 | D:6      | 4753 ||| ENCHANTING +0 shortbow of flaming.
  4754 | D:6      | 4754 ||| READING 2 scrolls labelled SIHOTY QIOQIO.
  4755 | D:6      | 4755 ||| DROPPING potion of attraction.
  4756 | D:6      | 4756 ||| DROPPING scroll of blinking.
  4765 | Temple   | Entered the Ecumenical Temple
  4766 | Temple   | 4766 ||| PLANNING OKAWARU WORSHIP
  4777 | Temple   | Became a worshipper of Warmaster Okawaru
  4778 | Temple   | 4778 ||| PLANNING D:1-11
  4841 | D:6      | Noticed Dowan
  4845 | D:6      | Killed Dowan
  4847 | D:6      | Noticed Duvessa
  4871 | D:6      | Killed Duvessa
  5129 | D:6      | Reached skill level 6 in Dodging
  5185 | D:6      | Noticed Edmund
  5201 | D:6      | Killed Edmund
  5242 | D:6      | Reached * piety under Okawaru
  5422 | D:6      | Reached skill level 1 in Invocations
  5549 | D:6      | 5549 ||| UPGRADING to +1 leather armour of poison
                  | resistance.
  5559 | D:6      | 5559 ||| READING scroll labelled PIMU ZA VUBBEAH.
  5559 | D:6      | 5559 ||| ENCHANTING +0 pair of gloves.
  5614 | D:7      | Identified the +6 scale mail "Keiwy" {rN++}
  5785 | D:7      | Reached skill level 3 in Invocations
  5891 | D:7      | Reached ** piety under Okawaru
  6203 | D:7      | 6203 ||| DROPPING +0 steam dragon scales.
  6204 | D:7      | 6204 ||| UPGRADING to +6 scale mail "Keiwy" {rN++}.
  6214 | D:7      | 6214 ||| DROPPING +1 leather armour of poison resistance.
  6215 | D:7      | 6215 ||| READING scroll of identify.
  6215 | D:7      | 6215 ||| IDENTIFYING green potion
  6216 | D:7      | 6216 ||| DRINKING 2 smoky emerald potions.
  6238 | D:7      | 6238 ||| DROPPING potion of berserk rage.
  6239 | D:7      | 6239 ||| DROPPING potion of lignification.
  6250 | D:7      | Reached skill level 3 in Armour
  6436 | D:8      | 6436 ||| FLEEEEING.
  6437 | D:8      | 6437 ||| FLEEEEING.
  6579 | D:8      | Noticed Amaemon
  6579 | D:8      | Noticed an orange demon
  6580 | D:8      | 6580 ||| ZAPPING wand of quicksilver (6) at -1,-2 (orange
                  | demon; floor).
  6581 | D:8      | 6581 ||| ZAPPING wand of quicksilver (5) at -1,-2 (orange
                  | demon; floor).
  6582 | D:8      | 6582 ||| ZAPPING wand of quicksilver (4) at -1,-2 (Amaemon;
                  | floor).
  6583 | D:8      | 6583 ||| ZAPPING wand of quicksilver (3) at -1,-2 (Amaemon;
                  | floor).
  6584 | D:8      | 6584 ||| ZAPPING wand of quicksilver (2) at -1,-1 (Amaemon;
                  | floor).
  6585 | D:8      | 6585 ||| ZAPPING wand of quicksilver (1) at -1,-1 (Amaemon;
                  | floor).
  6586 | D:8      | 6586 ||| INVOKING Heroism.
  6597 | D:8      | HP: 12/54 [poisoned by Amaemon]
  6598 | D:8      | 6598 ||| READING 3 scrolls of teleportation.
  6599 | D:8      | 6599 ||| DRINKING potion of heal wounds.
  6601 | D:8      | 6601 ||| RETREEEEATING.
  6602 | D:8      | 6602 ||| DRINKING 5 potions of curing.
  6602 | D:8      | 6602 ||| (to cure poison)
  6821 | D:8      | Reached XP level 10. HP: 60/60 MP: 15/15
  6873 | D:8      | Reached skill level 6 in Fighting
  6910 | D:8      | 6910 ||| INVOKING Heroism.
  6919 | D:8      | Killed an orange demon
  6938 | D:8      | 6938 ||| INVOKING Heroism.
  6943 | D:8      | HP: 11/60 [poisoned by Amaemon]
  6944 | D:8      | 6944 ||| READING 2 scrolls of teleportation.
  6945 | D:8      | Killed Amaemon
  6945 | D:8      | Reached *** piety under Okawaru
  6945 | D:8      | HP: 3/60 [poisoned by Amaemon]
  6946 | D:8      | 6946 ||| DRINKING 4 potions of curing.
  6946 | D:8      | 6946 ||| (to cure poison)
  7203 | D:8      | 7203 ||| INVOKING Heroism.
  7221 | D:8      | 7221 ||| INVOKING Heroism.
  7221 | D:8      | HP: 13/60 [hornet (9)]
  7222 | D:8      | 7222 ||| READING scroll of teleportation.
  7223 | D:8      | HP: 5/60 [hornet (9)]
  7223 | D:8      | Slain by a hornet

Levels and vault maps discovered:
D:1:      wander_arrival_chamber, layout_loops_ring,
          chequers_ecumenical_altar_island, nicolae_houndstooth_variations
D:2:      layout_basic, minmay_vboxes
D:3:      layout_loops_ring, minmay_fountain_box
D:4:      layout_basic, led_xom_imps, fountainhead
D:5:      layout_loops_ring, uniq_pikel
D:6:      layout_gridville, temple_hall, minmay_misc_feat_secret_circle,
          grunt_decor_one_mirror, st_stairs_1, uniq_maggie, uniq_edmund,
          uniq_duvessa
D:7:      layout_cave_pools, serial_column_ruins, column_ruins_hut,
          column_ruins_columns_straight, column_ruins_columns_dead_end,
          column_ruins_columns_plus
D:8:      layout_loops_ring, uniq_amaemon
Temple:   nicolae_temple_bog_church

Skill      XL: |  1  2  3  4  5  6  7  8  9 10 |
---------------+-------------------------------+-----
Ranged Weapons | 6 7 9 10 12 14 | 14.1
Dodging        | 3 4 7 |  7.0
Fighting       | 2 3 5 6 |  6.0
Armour         | 2 3 4 |  4.7
Invocations    | 4 |  4.0
Stealth        | |  1.2

Action                     |  1- 3 |  4- 6 |  7- 9 | 10-12 || total
---------------------------+-------+-------+-------+-------++-------
   Fire: Shortbow          |   107 |   128 |   401 |    64 ||   700
 Invoke: Heroism           |       |       |     1 |     4 ||     5
  Evoke: Wand              |       |       |     6 |       ||     6
    Use: Scroll            |     5 |     1 |    11 |     2 ||    19
         Potion            |       |       |     3 |     1 ||     4
 Armour: Leather armour    |    12 |    40 |    19 |       ||    71
         Scale mail        |       |       |   100 |    47 ||   147
         Steam dragon scal |       |       |    24 |       ||    24
  Dodge: Dodged            |    15 |    40 |   126 |    32 ||   213

Table legend:
 A = Non-vault XP
 B = Vault XP
 C = Vault XP percentage of total XP
 D = Non-vault monster count
 E = Vault monster count
 F = Vault count percentage of total count
                 A         B        C        D         E       F
            +---------+---------+-------+---------+---------+-------
      Total |    4134 |    2999 |  42.0 |     140 |      17 |  10.8
            +---------+---------+-------+---------+---------+-------
        D:1 |      30 |       0 |   0.0 |      19 |       0 |   0.0
        D:2 |      40 |       6 |  13.0 |      17 |       4 |  19.0
        D:3 |      99 |       0 |   0.0 |      23 |       0 |   0.0
        D:4 |     454 |     198 |  30.4 |      15 |       4 |  21.1
        D:5 |     412 |     651 |  61.2 |      12 |       1 |   7.7
        D:6 |    1065 |     956 |  47.3 |      21 |       6 |  22.2
        D:7 |     876 |       0 |   0.0 |      18 |       0 |   0.0
        D:8 |    1158 |    1188 |  50.6 |      15 |       2 |  11.8
            +---------+---------+-------+---------+---------+-------
